 Dungeon Crawl Stone Soup version 0.29-a0-25-g7f48f510a0 (webtiles) character file.

Game seed: 12197010225476819854

757 blank1 the Ducker (level 8, -5/58 HPs)
             Began as a Djinni Fire Elementalist on Feb 1, 2022.
             Slain by an ogre (14 damage)
             ... on level 4 of the Dungeon.
             The game lasted 00:12:01 (5452 turns).

blank1 the Ducker (Djinni Fire Elementalist)        Turns: 5452, Time: 00:12:01

Health: -5/58      AC:  2    Str:  7    XL:     8   Next: 7%
Gold:   126        EV: 14    Int: 18    God:
                   SH:  0    Dex: 15

rFire   + + +      SeeInvis .   d - staff of fire
rCold   x . .      Faith    .   (no shield)
rNeg    + . .      Spirit   .   a - +0 robe
rPois   ∞          Reflect  .   (no helmet)
rElec   .          Harm     .   (no cloak)
rCorr   .          Rampage  .   (no gloves)
Will    .....                   (boots unavailable)
Stlth   ++........              (no amulet)
HPRegen 0.19/turn               m - ring of wizardry
MPRegen 0.00/turn               l - ring of positive energy

@: about to teleport, flying, very slightly contaminated
A: sickness immunity, fire resistance 2, cold vulnerability 1, float, innate
caster, HP casting, extra vitality 1
a: no special abilities


You were on level 4 of the Dungeon.
You visited 1 branch of the dungeon, and saw 5 of its levels.

You collected 126 gold pieces.

Inventory:

Hand Weapons
 c - a +2 short sword of speed
Armour
 a - a +0 robe (worn)
Magical Staves
 d - a staff of fire (weapon)
Jewellery
 l - a ring of positive energy (right hand)
 m - a ring of wizardry (left hand)
Scrolls
 b - 3 scrolls of teleportation
 g - a scroll of noise {unknown}
 h - 2 scrolls of brand weapon {unknown}
 i - a scroll of vulnerability {unknown}
Potions
 e - a potion of haste
 f - a potion of curing
 j - a potion of lignification {unknown}
 k - a potion of magic {unknown}


   Skills:
 - Level 4.0 Fighting
 + Level 5.0 Dodging
 + Level 2.0 Stealth
 - Level 5.0 Spellcasting


You couldn't memorise any spells.
You knew the following spells:

 Your Spells              Type           Power      Damage    Failure   Level
a - Foxfire               Conj/Fire      100%       2x1d9     1%          1
b - Scorch                Fire           66%        2d8       1%          2
c - Conjure Flame         Conj/Fire      33%        6-21      1%          3
d - Inner Flame           Hex/Fire       33%        N/A       1%          3
e - Flame Wave            Conj/Fire      33%        2d8       7%          4
f - Animate Skeleton      Necr           44%        N/A       1%          1
g - Ensorcelled Hibernat  Hex/Ice        44%        N/A       1%          2
h - Call Imp              Summ           22%        N/A       1%          2
Your spell library was empty.

Dungeon Overview and Level Annotations

Branches:
Dungeon (5/15)
 Temple: D:4-7

Altars:

Shops:
D:4 (


Innate Abilities, Weirdness & Mutations

You are immune to sickness and miasma.
You are immune to poison.
Your flesh is very heat resistant. (rF++)
You are vulnerable to cold. (rC-)
You float through the air rather than walking.
You learn spells naturally, not from books.
Your magical power is your life essence.
You have superior vitality. (+4 MHP)


Message History

The orc is heavily wounded.
The orc's fire resistance burns away.
The orc hits you with a +0 short sword.
Casting: Scorch (safe; 1% risk of failure)
Confirm with . or Enter, or press ? or * to list all spells.
You feel a surge of power!
Flames lash the orc.
The orc is burned terribly!
You kill the orc!
You start resting.
HP restored.
Things that are here:
a +0 leather armour; a +0 mace
Things that are here:
a +0 hand axe; an orc skeleton
There is a stone staircase leading down here.
You fly downwards.
The jackal misses you. The jackal closely misses you.
The ogre hits you with a +0 giant club!!
The jackal completely misses you.
The hound barks!
The yak bellows!
The jackal barks!
The orc warrior shouts!
There is a stone staircase leading up here.
Unknown command.
Unknown command.
The jackal misses you.
You fly upwards.
There is a stone staircase leading down here.
Casting: Scorch (safe; 1% risk of failure)
Confirm with . or Enter, or press ? or * to list all spells.
Casting: Flame Wave (dangerous; 7% risk of failure)
Press: ? - help, Dir - look around, f - activate You feel a surge of power!
You miscast Flame Wave.
You are very lightly contaminated with residual magic.
You feel uncomfortably hot. You resist. The jackal bites you.
The ogre hits you with a +0 giant club!
* * * LOW HITPOINT WARNING * * *
The jackal closely misses you. The ogre barely misses you.
The jackal bites you but does no damage.
Unknown command.
As you read the scroll of teleportation, it crumbles to dust.
You feel strangely unstable.
The jackal bites you but does no damage.
The ogre hits you with a +0 giant club!
You die...

.# #...[# .#
##.#.# .#
#.#.##### .#
#.#.....#
.#########.#####.#
..............##.#
.###########..##h#
## ##...##h#
##.#..##@#
##.###.##O# #.##
##.#.# ##.###.##.#
########..#<.##.#
#.............).#
##.######.....####
........#.....#
##.####.###.#.#


You could see an ogre and 2 jackals.

Vanquished Creatures
  A black bear (D:4)
  A necrophage (D:4)
  An ogre (D:4)
  A water moccasin skeleton (D:4)
  A howler monkey (D:4)
  A centaur zombie (D:5)
  A hound (D:4)
  An orc priest (D:4)
  An iguana (D:4)
  An orc wizard (D:4)
  A hound zombie (D:5)
  A hound skeleton (D:4)
  7 adders
  8 gnolls
  4 worms
  10 orcs
  8 endoplasms
  2 giant cockroaches
  5 hobgoblins
  4 quokkas
  8 ball pythons
  5 bats
  3 frilled lizards
  7 goblins
  10 kobolds
  3 rats
96 creatures vanquished.

Vanquished Creatures (collateral kills)
  An endoplasm (D:4)
1 creature vanquished.

Vanquished Creatures (others)
  246 foxfires
246 creatures vanquished.

Grand Total: 343 creatures vanquished

Notes
Turn   | Place    | Note
-------+----------+-------------------------------------------
     0 | D:1      | blank1 the Djinni Fire Elementalist began the quest for the
                  | Orb.
     0 | D:1      | Reached XP level 1. HP: 15/15 MP: 0/0
   489 | D:1      | Reached XP level 2. HP: 17/21 MP: 0/0
  1118 | D:1      | Found a faded altar of an unknown god.
  1123 | D:1      | Reached skill level 1 in Fighting
  1123 | D:1      | Reached XP level 3. HP: 23/27 MP: 0/0
  1123 | D:1      | Learned a level 1 spell: Animate Skeleton
  1679 | D:2      | Reached XP level 4. HP: 28/32 MP: 0/0
  2567 | D:3      | Reached XP level 5. HP: 33/38 MP: 0/0
  2567 | D:3      | Learned a level 2 spell: Ensorcelled Hibernation
  3492 | D:4      | Noticed a black bear
  3501 | D:4      | Killed a black bear
  3502 | D:4      | Reached XP level 6. HP: 32/45 MP: 0/0
  4048 | D:4      | Noticed a necrophage
  4053 | D:4      | Killed a necrophage
  4054 | D:4      | Reached skill level 5 in Dodging
  4054 | D:4      | Reached XP level 7. HP: 42/50 MP: 0/0
  4054 | D:4      | Learned a level 2 spell: Call Imp
  4485 | D:4      | Found Xippopow's Antique Weapon Shoppe.
  4848 | D:5      | Entered Level 5 of the Dungeon
  4858 | D:5      | Noticed a yak
  5049 | D:5      | Noticed a yak
  5053 | D:4      | Reached XP level 8. HP: 50/58 MP: 0/0
  5245 | D:5      | Reached skill level 5 in Spellcasting
  5452 | D:4      | Slain by an ogre

Illustrated notes

Levels and vault maps discovered:
D:1:      grunt_arrival_lava_bath, layout_loops_ring,
          dreamdust_ecumenical_altar_angels_and_demons
D:2:      layout_rooms
D:3:      layout_loops_ring
D:4:      layout_loops_ring, serial_shops, nicolae_inconvenience_store
D:5:      cheibrodos_fzero, layout_rooms, jmf_multi_god_temple2,
          grunt_tough_drop, uniq_grinder

Skill      XL: |  1  2  3  4  5  6  7  8 |
---------------+-------------------------+-----
Fighting       | 1 2 3 4 |  4.0
Stealth        | 2 |  2.0
Dodging        | 3 5 |  5.0
Spellcasting   | 3 4 5 |  5.0

Action                   |  1- 3 |  4- 6 |  7- 9 || total
-------------------------+-------+-------+-------++-------
Melee: Short sword       |     1 |       |       ||     1
 Cast: Foxfire           |    59 |    71 |    15 ||   145
       Scorch            |     3 |    41 |    30 ||    74
       Animate Skeleton  |     1 |       |       ||     1
       Conjure Flame     |       |     5 |     2 ||     7
       Call Imp          |       |       |     2 ||     2
       Ensorcelled Hiber |       |       |     2 ||     2
  Use: Scroll            |       |     3 |     1 ||     4
 Stab: Sleeping          |     1 |       |       ||     1
Armor: Robe              |       |     1 |     4 ||     5
Dodge: Dodged            |     7 |       |    21 ||    28

Table legend: (Time is in decaauts)
 A = Elapsed time spent in this place.
 B = Non-inter-level travel time spent in this place.
 C = Inter-level travel time spent in this place.
 D = Time resting spent in this place.
 E = Time spent auto-exploring this place.
 F = Levels seen in this place.
 G = Mean time per level.
                   A        B        C        D        E       F      G
               +--------+--------+--------+--------+--------+-----+--------+
         Total |   5455 |   5285 |    170 |    948 |   3720 |   5 | 1091.0 |
       Dungeon |   5455 |   5285 |    170 |    948 |   3720 |   5 | 1091.0 |
               +--------+--------+--------+--------+--------+-----+--------+

Top non-repeatable levels by time:
     D:4: 2018 daAuts
     D:1: 1381 daAuts
     D:2: 1178 daAuts
     D:3: 844 daAuts
     D:5: 32 daAuts
